AoeStats
← ZEKTARSTEK

Pilgrims

508593442Analyzed
4v4 RM · 8d ago on Sep 23, 2026· 24m 4s· 8 players
Game mode
Random Map
Map size
Large (8 player)
Population
200
Speed
Normal
Resources
Standard
Victory
Conquest
Starting age
Dark Age
Ending age
Imperial Age
RankedLock teamsTeams togetherTeam positionsShared explorationLock speedFull tech treeHidden civsTurbo modeCheats
Victory
Defeat
🇩🇰 Dravidians · Denmark
1215
+12
🇯🇵 Magyars · Japan
1211
+12
🇲🇽 Saracens · Mexico
1137
+15
🇬🇹 Turks · Guatemala
1038
+19
🇮🇳 Wu · India
1211
-18
🇮🇳 Varangians · India
1189
-17
🇨🇳 Danes · China
1088
-13
🇲🇽 Spanish · Mexico
1001
-10
Dongart
6:55 Loom
9:07 Feudal Age
9:53 Double-Bit Axe
10:01 Gold Mining
12:00 Fishing Lines
18:18 Castle Age
19:18 Medium Warships
19:00 Gillnets
19:22 Bow Saw
21:01 Horse Collar
24:32 Wheelbarrow
Zamarrypa
3:51 Loom
11:50 Feudal Age
15:41 Castle Age
14:24 Forging
16:15 Horse Collar
17:24 Iron Casting
16:55 Town Watch
21:44 Double-Bit Axe
22:23 Scale Barding Armor
kenbar33
12:27 Feudal Age
17:52 Castle Age
17:07 Double-Bit Axe
17:04 Horse Collar
17:51 Gold Mining
19:29 Bow Saw
22:15 Town Watch
KJI
5:54 Loom
12:00 Feudal Age
16:56 Double-Bit Axe
21:12 Bloodlines
21:08 Scale Barding Armor
24:21 Castle Age
22:14 Gold Mining
23:02 Horse Collar
ZEKTARSTEK
6:53 Loom
12:25 Feudal Age
12:53 Double-Bit Axe
16:41 Stone Mining
20:59 Castle Age
Lala Land
4:03 Loom
NightmarE™
12:41 Feudal Age
14:40 Double-Bit Axe
17:27 Castle Age
17:31 Demolition Ship
18:43 Fletching
19:29 Town Watch
20:37 Loom
21:37 Bow Saw
vper1490
15:29 Feudal Age
19:39 Castle Age
21:10 Wheelbarrow
20:48 Fishing Lines
24:04 Wheelbarrow
Connection lost

Rejoining the realm…

Still unreachable

The connection could not be restored.

Session expired

The server has moved on; the page needs a fresh start.